Map: Hardwire LE

Players

herO

  • Race: Protoss Protoss

LiquidClem (Clem) - Winner!

  • Race: Terran Terran

Event: TSL 8

VOD

Have the link to the VOD?

Description

Time

  • Played on: Nov. 27, 2021, 6:23 a.m.
  • Length: 11:06

All games in this series

Show
View Real Time Build Order
Export as new Build Order

herO Protoss 

Build Orders: 1 Gate Expand, Blink Stalkers 

Get SALT Encoding   

  12  0:00  Probe  
  13  0:12  Probe  
  14  0:17  Pylon  
  14  0:24  Probe  
  15  0:36  Gateway  
  15  0:37  Probe (Chrono Boost)  
  15  0:41  Assimilator  
  16  0:48  Probe (Chrono Boost)  
  17  0:53  Probe (Chrono Boost)  
  18  1:03  Probe  
  19  1:15  Probe  
  20  1:23  Cybernetics Core  
  20  1:32  Nexus  
  20  1:38  Pylon  
  20  1:41  Probe  
  20  1:46  Assimilator  
  21  1:53  Probe  
  22  1:56  Adept (Chrono Boost)  
  22  2:00  Warp Gate  
  24  2:05  Probe  
  25  2:17  Probe  
  25  2:19  Stalker  
  28  2:23  Twilight Council  
  28  2:29  Probe  
  30  2:44  Probe (Chrono Boost)  
  30  2:46  Probe (Chrono Boost)  
  30  2:49  Stalker  
  30  2:50  Blink (Chrono Boost)  
  33  2:53  Probe (Chrono Boost)  
  33  2:56  Probe (Chrono Boost)  
  35  2:58  Probe (Chrono Boost)  
  36  3:07  Probe  
  36  3:10  Probe  
  36  3:12  Gateway  
  38  3:17  Robotics Facility  
  38  3:24  Stalker  
  38  3:26  Probe x2  
  42  3:35  Pylon  
  42  3:38  Probe  
  42  3:39  Probe  
  44  3:51  Gateway x2  
  44  3:55  Probe x2  
  46  4:03  Warp Prism  
  46  4:05  Stalker  
  46  4:07  Stalker  
  52  4:14  Probe x2, Pylon  
  54  4:23  Assimilator  
  54  4:25  Charge (Chrono Boost)  
  54  4:32  Probe x2, Pylon  
  56  4:48  Assimilator  
  56  4:49  Probe x2  
  58  4:58  Stalker x2  
  60  5:04  Stalker x2  
  60  5:05  Probe (Chrono Boost)  
  60  5:09  Probe (Chrono Boost)  
  60  5:15  Observer  
  60  5:16  Pylon  
  60  5:17  Probe (Chrono Boost)  
  60  5:20  Probe (Chrono Boost)  
  63  5:22  Probe (Chrono Boost)  
  63  5:24  Pylon  
  64  5:28  Stalker x2  
  64  5:29  Stalker  
  68  5:47  Stalker, Probe x2  
  72  5:52  Stalker x3  
  76  6:02  Nexus  
  74  6:05  Pylon  
  72  6:18  Immortal  
  72  6:24  Robotics Bay  
  74  6:26  Forge  
  74  6:30  Stalker x3  
  77  6:33  Stalker  
  77  6:39  Probe  
  79  6:44  Probe  
  80  6:51  Probe  
  81  6:56  Probe  
  81  6:57  Pylon  
  81  6:59  Stalker  
  84  7:08  Colossus (Chrono Boost)  
  84  7:09  Probe  
  84  7:10  Probe  
  92  7:17  Zealot x3  
  92  7:20  Shield Battery  
  98  7:23  Shield Battery  
  94  7:30  Probe x2  
  92  7:43  Stalker x4  
  100  7:50  Colossus  
  78  8:08  Stalker x4  
  86  8:15  Protoss Ground Weapons Level 1 (Chrono Boost)  
  86  8:17  Probe x2  
  87  8:29  Probe  
  86  8:37  Nexus  
  86  8:45  Pylon  
  86  8:48  Stalker x3  
  90  8:51  Stalker  
  94  9:00  Pylon  
  94  9:01  Extended Thermal Lance  
  94  9:02  Colossus (Chrono Boost)  
  94  9:14  Probe  
  101  9:21  Zealot, Sentry x2  
  107  9:26  Shield Battery  
  107  9:29  Observer  
  99  9:36  Shield Battery  
  99  9:38  Shield Battery  
  99  9:40  Sentry  
  101  9:50  Disruptor (Chrono Boost)  
  101  9:54  Zealot x2  
  101  9:55  Zealot  
  101  9:57  Probe x3  
  108  10:21  Disruptor (Chrono Boost)  
  108  10:23  Stalker x4  
  76  10:46  Zealot x3  
  76  10:47  Zealot  
Show
View Real Time Build Order
Export as new Build Order

LiquidClem Terran - Winner!

Build Orders:  

Get SALT Encoding   

  12  0:00  SCV  
  13  0:12  SCV  
  14  0:17  Supply Depot  
  14  0:24  SCV  
  15  0:38  SCV  
  15  0:40  Barracks  
  16  0:44  Refinery  
  16  0:50  SCV  
  17  1:02  SCV  
  18  1:14  SCV  
  19  1:28  Barracks Reactor, Orbital Command  
  19  1:43  Command Center  
  19  1:52  Supply Depot  
  19  1:53  SCV  
  20  2:04  Marine x2  
  20  2:05  SCV  
  23  2:11  Factory  
  23  2:18  SCV  
  23  2:22  Marine x2  
  26  2:25  Bunker  
  26  2:30  SCV  
  26  2:33  Refinery  
  27  2:40  Marine x2  
  27  2:42  SCV  
  30  2:54  SCV  
  30  2:56  Starport  
  31  2:59  Orbital Command  
  31  3:05  Widow Mine  
  33  3:07  SCV  
  33  3:08  Marine  
  33  3:11  Marine  
  36  3:16  Supply Depot  
  36  3:19  SCV  
  37  3:25  SCV  
  37  3:27  Widow Mine  
  40  3:30  Marine x2  
  40  3:32  SCV  
  43  3:35  Medivac  
  45  3:42  SCV  
  45  3:44  SCV  
  45  3:46  Barracks  
  45  3:49  Marine x2  
  45  3:52  Factory Tech Lab  
  45  3:55  Supply Depot  
  47  3:56  SCV  
  47  3:59  SCV  
  47  4:02  Barracks  
  49  4:08  SCV  
  50  4:11  SCV  
  50  4:13  Marine  
  50  4:17  Raven  
  52  4:19  Factory Tech Lab  
  52  4:20  SCV  
  52  4:23  SCV  
  56  4:30  Refinery, Marine  
  57  4:31  Supply Depot, Marine  
  57  4:32  SCV  
  57  4:35  SCV  
  60  4:38  Marine  
  60  4:43  Supply Depot  
  60  4:44  SCV  
  62  4:52  Marine x2  
  62  4:53  SCV, Siege Tank  
  62  4:56  SCV, Marine  
  68  5:05  SCV  
  68  5:06  Supply Depot  
  67  5:08  Stimpack, Refinery  
  67  5:09  Marauder, Starport Reactor  
  67  5:10  SCV  
  67  5:12  Engineering Bay  
  67  5:14  Marine x2  
  68  5:18  SCV  
  71  5:22  SCV  
  71  5:25  Siege Tank  
  71  5:26  Barracks Tech Lab  
  75  5:31  Marauder, Marine  
  75  5:32  Supply Depot, SCV, Marine  
  80  5:42  Bunker  
  80  5:46  Marauder  
  80  5:49  Marine x2  
  83  5:52  SCV x2, Bunker  
  83  5:56  Marauder  
  87  5:57  Terran Infantry Weapons Level 1  
  87  5:58  Supply Depot  
  84  6:04  Siege Tank  
  84  6:07  Marine x2  
  88  6:16  Barracks Tech Lab  
  88  6:18  Command Center  
  88  6:19  Marauder  
  88  6:22  Supply Depot  
  88  6:24  Barracks  
  90  6:26  Marine x2, Barracks  
  92  6:33  Medivac  
  92  6:34  Supply Depot, Medivac  
  96  6:41  Marauder  
  96  6:43  Marauder  
  96  6:45  Siege Tank  
  103  6:48  Marine x2  
  103  6:52  Supply Depot  
  103  6:54  SCV x2  
  107  7:04  Supply Depot  
  107  7:06  Marine x2  
  103  7:13  Supply Depot, Barracks Tech Lab  
  103  7:14  Barracks Reactor  
  103  7:17  Marauder, Siege Tank  
  103  7:20  SCV  
  103  7:21  SCV  
  112  7:24  Marine x2  
  114  7:30  Barracks Tech Lab  
  114  7:36  Marauder, SCV  
  115  7:39  Marauder  
  115  7:42  SCV, Marine x2  
  119  7:48  SCV  
  119  7:49  Marauder, Siege Tank  
  119  7:52  Marine x2, Terran Infantry Armor Level 1  
  119  7:54  Medivac, SCV  
  119  7:57  Marauder  
  122  7:59  Marine x2  
  122  8:00  Marauder, Medivac  
  117  8:07  Orbital Command  
  117  8:10  SCV, Marine x2  
  117  8:11  SCV  
  117  8:13  Marine  
  117  8:19  Marine x3  
  119  8:22  Marauder  
  119  8:24  SCV  
  119  8:26  Medivac, Siege Tank  
  127  8:27  Marine  
  127  8:31  Marauder  
  127  8:32  Marine  
  127  8:34  SCV  
  127  8:37  Marine  
  127  8:38  SCV  
  127  8:40  Medivac  
  126  8:41  Marine  
  126  8:42  Marauder  
  126  8:43  Marauder  
  126  8:47  Combat Shield  
  131  8:51  Concussive Shells  
  131  8:52  Marine x2  
  131  8:53  SCV  
  131  8:54  Marine  
  135  8:55  Bunker  
  135  8:56  SCV  
  135  8:57  SCV  
  135  8:58  Siege Tank  
  135  9:02  Armory  
  140  9:04  Engineering Bay  
  140  9:05  SCV  
  140  9:06  Viking  
  140  9:07  Marine  
  144  9:11  Viking  
  144  9:12  SCV  
  144  9:16  SCV  
  146  9:17  SCV  
  146  9:19  Marine x2  
  146  9:21  Marauder  
  146  9:23  Marauder  
  146  9:24  SCV  
  151  9:28  SCV  
  151  9:29  Marine x2  
  153  9:35  Supply Depot  
  153  9:37  Refinery  
  153  9:38  SCV, Refinery, Viking  
  156  9:45  Supply Depot  
  156  9:47  Supply Depot  
  156  9:50  Command Center  
  156  9:51  Marine  
  157  9:56  Marine x3  
  157  9:57  Marauder x2  
  164  10:02  Supply Depot  
  164  10:04  Marauder  
  165  10:07  Viking  
  165  10:08  Marine  
  168  10:14  Marine x3  
  168  10:18  Marauder x2  
  171  10:25  Marauder  
  171  10:26  Marine  
  174  10:32  Marine  
  174  10:33  Marine  
  164  10:37  Marine  
  164  10:39  Marauder x2  
  161  10:44  Marine  
  161  10:45  Barracks  
  161  10:46  SCV, Marine, Barracks  
  161  10:47  Barracks  
  161  10:51  SCV  
Tags
 
Add a new tag
Caveats
  • Supply blocks, unpowered buildings, or Contaminate may cause inaccurate times.
  • Supply counts are checked every 10 seconds.